 Dungeon Crawl Stone Soup version 0.27.1-3-gb3d3a73c9e (webtiles) character file.

Game seed: 5138341785775853051

1116 ABBCCCDDDD the Sneak (level 8, -2/54 HPs)
             Began as an Octopode Enchanter on Oct 10, 2021.
             Slain by a hornet zombie (3 damage)
             ... on level 6 of the Dungeon.
             The game lasted 00:11:31 (7225 turns).

ABBCCCDDDD the Sneak (Octopode Enchanter)           Turns: 7225, Time: 00:11:31

Health: -2/54      AC:  7    Str:  6 (8)  XL:     8   Next: 34%
Magic:  9/11       EV: 14    Int: 17 (19) God:
Gold:   267        SH:  0    Dex: 11 (12) Spells: 5/11 levels left

rFire    + + .     SeeInvis .   q - +2 dagger (vamp)
rCold    + . .     Faith    .   (no shield)
rNeg     . . .     Spirit   .   (helmet restricted)
rPois    +         Reflect  .   (no amulet)
rElec    +         Harm     .   b - ring of protection from fire
rCorr    +         Rampage  .   c - ring of willpower
Will     +....                  v - ring of flight
Stlth    ++++......             (no ring)
HPRegen  0.18/turn              (no ring)
MPRegen  0.12/turn              (no ring)
                                (no ring)
                                (no ring)

@: ice-armoured, resistant, flying
A: almost no armour, amphibious, 8 rings, camouflage 1, gelatinous body 1,
(nimble swimmer 1), tentacles
a: no special abilities


You were on level 6 of the Dungeon.
You visited 1 branch of the dungeon, and saw 6 of its levels.

You collected 267 gold pieces.

Inventory:

Hand Weapons
 a - a +1 dagger
 q - a +2 vampiric dagger (weapon)
Jewellery
 b - a ring of protection from fire (left tentacle)
 c - a ring of willpower (right tentacle)
 v - a ring of flight (on tentacle)
Wands
 u - a wand of iceblast (19)
Scrolls
 g - a scroll of immolation
 k - a scroll of teleportation
 m - a scroll of enchant armour {unknown}
 n - a scroll of brand weapon {unknown}
 o - a scroll of fear {unknown}
 t - a scroll of amnesia {unknown}
 w - a scroll of vulnerability {unknown}
Potions
 d - a potion of ambrosia
 f - a potion of attraction
 h - a potion of lignification {unknown}
 i - 2 potions of resistance
 r - a potion of haste {unknown}
 s - a potion of berserk rage {unknown}
 x - a potion of might {unknown}


   Skills:
 + Level 4.8 Fighting
 - Level 1.0 Short Blades
 - Level 5.0 Dodging
 - Level 5.0 Stealth
 + Level 2.0 Spellcasting
 + Level 3.0 Hexes
 + Level 5.0 Ice Magic
 + Level 3.7 Evocations


You had 5 spell levels left.
You knew the following spells:

 Your Spells              Type           Power      Damage    Failure   Level
a - Corona                Hex            12%        N/A       5%          1
b - Ensorcelled Hibernat  Hex/Ice        30%        N/A       5%          2
c - Ozocubu's Armour      Ice            18%        N/A       8%          3

Your spell library contained the following spells:

 Spells                   Type           Power      Damage    Failure   Level
 Confusing Touch          Hex            11%        N/A       17%         3
 Tukima's Dance           Hex            11%        N/A       17%         3
 Dazzling Flash           Conj/Hex       12%        N/A       30%         3
 Metabolic Englaciation   Hex/Ice        7%         N/A       71%         5
 Simulacrum               Ice/Necr       5%         N/A       100%        6


Dungeon Overview and Level Annotations

Branches:
Dungeon (6/15)
 Temple: D:4-7

Altars:
Qazlal
Sif Muna
Yredelemnul

Shops:
D:3 *[[((

Annotations:
D:5 exclusions: iguana and ogre


Innate Abilities, Weirdness & Mutations

You cannot wear most types of armour.
You are amphibious.
You can wear up to eight rings at the same time.
Your skin changes colour to match your surroundings (Stealth+).
Your rubbery body absorbs attacks. (AC +1, EV +1)
((You are camouflaged near water. (Stealth+)))
You have tentacles for arms and can constrict up to eight enemies at once.


Message History

The hornet zombie is moderately damaged.
You constrict the hornet zombie. The hornet zombie hits you.
You barely miss the hornet zombie.
The hornet zombie is heavily damaged.
You constrict the hornet zombie. The hornet zombie hits you! x2
* * * LOW HITPOINT WARNING * * *
You are too injured to fight recklessly!
You are too injured to fight recklessly!
You are too injured to fight recklessly!
You hit the hornet zombie.
The hornet zombie is heavily damaged.
You constrict the hornet zombie. The hornet zombie misses you.
Okay, then.
You hit the hornet zombie but do no damage.
The hornet zombie is heavily damaged.
You constrict the hornet zombie. The hornet zombie hits you.
* * * LOW HITPOINT WARNING * * *
It was a potion of resistance.
You feel protected.
You constrict the hornet zombie. The hornet zombie hits you.
* * * LOW HITPOINT WARNING * * *
You feel better.
You constrict the hornet zombie. The hornet zombie misses you.
The hornet zombie hits you!
* * * LOW HITPOINT WARNING * * *
Okay, then.
Okay, then.
It was a potion of flight.
You feel more buoyant.
You constrict the hornet zombie.
The hornet zombie hits you but does no damage.
It was a potion of degeneration.
There was something very wrong with that liquid.
You feel weakened.
You feel dopey.
You feel clumsy.
You constrict the hornet zombie. The hornet zombie closely misses you.
Okay, then.
You hit the hornet zombie.
The hornet zombie is almost destroyed.
You constrict the hornet zombie. The hornet zombie barely misses you.
The hornet zombie hits you.
You die...

#..... #.... #.... ...
.# ... .# #.# #####.#
#Z# ......# #@# #.....#
#.# ......# #.#
......##########.##.###
..).....................
##†...#.########.#.#####
...).............#.#
##.<.##.########## #
......#.#


You could see a hornet zombie.

Levels and vault maps discovered:
D:1:      minmay_arrival_wavy_path, layout_basic, basic_ecumenical_altar
D:2:      layout_loops_corners, basic_altar, serial_rivers,
          chequers_serial_rivers_large_b, chequers_serial_rivers_micro_c,
          chequers_serial_rivers_large_a, chequers_serial_rivers_micro_d,
          chequers_serial_rivers_small_b, chequers_serial_rivers_marsh,
          chequers_serial_rivers_room_b, hangedman_decor_points, uniq_natasha
D:3:      layout_basic, serial_shops, nicolae_shop_trees, shop,
          nicolae_shop_stone, nicolae_square_shop,
          nicolae_shop_temple_entry_statues_fountains
D:4:      kennysheep_the_goblin_king, layout_rooms,
          gammafunk_temple_overflow_pools, hangedman_decor_peaks_small,
          fountainhead, chequers_serial_rivers_micro_d, uniq_robin
D:5:      layout_loops_cross
D:6:      layout_basic, minmay_temple_entry_proselytizer,
          chequers_serial_rivers_room_a, nrook_mini_vaults, uniq_pikel,
          uniq_blork_the_orc

Notes
Turn   | Place    | Note
-------+----------+-------------------------------------------
     0 | D:1      | ABBCCCDDDD the Octopode Enchanter began the quest for the
                  | Orb.
     0 | D:1      | Reached XP level 1. HP: 11/11 MP: 3/3
   130 | D:1      | Reached XP level 2. HP: 14/18 MP: 5/5
   328 | D:1      | Found a faded altar of an unknown god.
   791 | D:1      | Learned a level 2 spell: Ensorcelled Hibernation
   966 | D:1      | Reached XP level 3. HP: 22/22 MP: 6/6
  1347 | D:2      | Reached skill level 1 in Fighting
  1464 | D:2      | Found a shimmering blue altar of Sif Muna.
  1726 | D:2      | Reached skill level 5 in Stealth
  1921 | D:2      | Learned a level 3 spell: Ozocubu's Armour
  2303 | D:2      | Reached XP level 4. HP: 20/28 MP: 7/7
  2580 | D:2      | Reached skill level 1 in Ice Magic
  2683 | D:2      | Noticed Natasha
  2685 | D:2      | Killed Natasha
  3206 | D:3      | Found Xeohi's Weapon Shop.
  3263 | D:3      | Found Romeet's Armour Boutique.
  3294 | D:3      | Reached XP level 5. HP: 33/34 MP: 3/8
  3359 | D:3      | Found Fouburu's Antique Armour Emporium.
  3741 | D:3      | Found Gugeo's Antique Weapon Shoppe.
  4032 | D:3      | Found Fatea's Assorted Antiques.
  4390 | D:4      | Noticed Robin
  4634 | D:4      | Noticed a phantom
  4715 | D:3      | Reached XP level 6. HP: 41/41 MP: 2/9
  5512 | D:3      | Killed Robin
  5981 | D:4      | Found a stormy altar of Qazlal.
  5981 | D:4      | Found a basalt altar of Yredelemnul.
  6520 | D:5      | Entered Level 5 of the Dungeon
  6695 | D:5      | HP: 2/42 [iguana (7)]
  6933 | D:5      | Reached skill level 1 in Evocations
  6933 | D:5      | Reached XP level 7. HP: 46/46 MP: 10/10
  6984 | D:6      | Noticed Blork the orc
  6986 | D:6      | Killed Blork the orc
  7018 | D:6      | Noticed Pikel
  7025 | D:6      | Killed Pikel
  7026 | D:6      | Reached skill level 5 in Dodging
  7026 | D:6      | Reached skill level 5 in Ice Magic
  7026 | D:6      | Reached XP level 8. HP: 41/54 MP: 9/11
  7222 | D:6      | HP: 1/54 [hornet zombie (10)]
  7225 | D:6      | Slain by a hornet zombie

Table legend: (Time is in decaauts)
 A = Elapsed time spent in this place.
 B = Non-inter-level travel time spent in this place.
 C = Inter-level travel time spent in this place.
 D = Time resting spent in this place.
 E = Time spent auto-exploring this place.
 F = Levels seen in this place.
 G = Mean time per level.
                   A        B        C        D        E       F      G
               +--------+--------+--------+--------+--------+-----+--------+
         Total |   7218 |   6926 |    292 |   2585 |   3229 |   6 | 1203.0 |
       Dungeon |   7218 |   6926 |    292 |   2585 |   3229 |   6 | 1203.0 |
               +--------+--------+--------+--------+--------+-----+--------+

Top non-repeatable levels by time:
     D:3: 2138 daAuts
     D:2: 2077 daAuts
     D:1: 1298 daAuts
     D:4: 1001 daAuts
     D:5: 463 daAuts
     D:6: 239 daAuts

Table legend:
 A = Kills in this place as a percentage of kills in entire the game.
 B = Kills by you in this place as a percentage of kills by you in the entire game.
 C = Kills by friends in this place as a percentage of kills by friends in the entire game.
 D = Other kills in this place as a percentage of other kills in the entire game.
 E = Experience gained in this place as a percentage of experience gained in the entire game.
 F = Experience gained in this place divided by the number of levels of this place that you have seen.
                   A       B       C       D       E      F
               +-------+-------+-------+-------+-------+----------------------
         Total | 100.0 | 100.0 |   N/A |   N/A | 100.0 | 265.8
       Dungeon | 100.0 | 100.0 |   N/A |   N/A | 100.0 | 265.8
               +-------+-------+-------+-------+-------+----------------------

Action                   |  1- 3 |  4- 6 |  7- 9 || total
-------------------------+-------+-------+-------++-------
Melee: Dagger            |    95 |   181 |    30 ||   306
       Constrict         |    25 |    36 |     4 ||    65
       Tentacles         |    13 |    25 |     7 ||    45
 Cast: Ensorcelled Hiber |       |    24 |     1 ||    25
       Corona            |       |     5 |     3 ||     8
       Ozocubu's Armour  |       |     1 |     3 ||     4
Evoke: Wand              |       |     2 |     6 ||     8
  Use: Potion            |       |     2 |     4 ||     6
       Scroll            |       |     3 |     1 ||     4
 Stab: Sleeping          |     9 |    19 |     1 ||    29
Armor: Skin              |     6 |     9 |     5 ||    20
Dodge: Dodged            |    42 |   150 |    23 ||   215

Vanquished Creatures
  Pikel (D:6)
  An ogre (D:5)
  A lemure (D:6)
  Blork the orc (D:6)
  2 scorpions
  A hound (D:5)
  An orc priest (D:3)
  An iguana (D:5)
  Natasha (D:2)
  2 orc wizards
  Robin (D:3)
  A howler monkey skeleton (D:6)
  7 adders
  An ufetubus (D:4)
  An adder skeleton (D:4)
  2 worms (D:2)
  A dart slug (D:1)
  8 orcs
  4 bats
  11 endoplasms
  7 giant cockroaches
  20 goblins
  13 hobgoblins
  5 jackals
  4 quokkas
  3 ball pythons
  2 frilled lizards (D:2)
  6 kobolds
  6 rats
115 creatures vanquished.
